 Dungeon Crawl Stone Soup version 0.29-a0-529-gfa20dd96a1 (webtiles) character file.

Game seed: 15338196003751248074

497 croobank the Covert (level 7, -13/60 HPs)
             Began as a Gnoll Delver on June 1, 2022.
             Killed from afar by an acid dragon (21 damage)
             ... with a splash of acid
             ... on level 4 of the Dungeon on June 2, 2022.
             The game lasted 00:26:43 (5109 turns).

croobank the Covert (Gnoll Delver)                  Turns: 5109, Time: 00:26:44

Health: -13/60     AC:  5    Str: 13    XL:     7   Next: 15%
Magic:  10/10      EV: 12    Int: 10    God:
Gold:   197        SH:  0    Dex: 13    Spells: 10/10 levels left

rFire   . . .      SeeInvis .   t - +0 halberd
rCold   . . .      Faith    .   (shield currently unavailable)
rNeg    . . .      Spirit   .   e - +0 ring mail
rPois   +          Reflect  .   (no helmet)
rElec   .          Harm     .   (no cloak)
rCorr   .          Rampage  .   (no gloves)
Will    .....                   (no boots)
Stlth   ++++......              (no amulet)
HPRegen 0.20/turn               n - ring of poison resistance
MPRegen 0.12/turn               (no ring)

@: no status effects
A: fangs 1, strong nose, distributed training
a: no special abilities


You were on level 4 of the Dungeon.
You visited 1 branch of the dungeon, and saw 6 of its levels.

You collected 197 gold pieces.

Inventory:

Hand Weapons
 a - a +0 hand axe
 b - a +0 hunting sling
 h - a +0 long sword
 i - a +0 short sword
 t - a +0 halberd (weapon)
Armour
 e - a +0 ring mail (worn)
 f - a +0 leather armour
 p - a scarf of shadows
 u - a +0 pair of boots
Magical Staves
 d - a staff of earth
Jewellery
 j - a ring of protection from fire
 n - a ring of poison resistance (left hand)
Wands
 g - a wand of digging (1)
 r - a wand of paralysis (9)
Scrolls
 c - 3 scrolls of fog
 k - a scroll of blinking
 m - a scroll of silence
 o - a scroll of teleportation
 q - 2 scrolls of magic mapping
 x - a scroll of immolation {unknown}
Potions
 l - a potion of lignification
 s - a potion of curing {unknown}
 v - a potion of brilliance


   Skills:
 + Level 7.0 Fighting
 + Level 2.3 Short Blades
 + Level 2.3 Long Blades
 + Level 5.1 Axes
 + Level 2.3 Maces & Flails
 + Level 2.3 Polearms
 + Level 2.3 Staves
 + Level 2.3 Slings
 + Level 2.3 Bows
 + Level 2.3 Crossbows
 + Level 2.3 Throwing
 + Level 2.3 Armour
 + Level 5.1 Dodging
 + Level 9.9 Stealth
 + Level 2.3 Shields
 + Level 2.3 Unarmed Combat
 + Level 2.3 Spellcasting
 + Level 1.8 Conjurations
 + Level 1.8 Hexes
 + Level 1.8 Summonings
 + Level 1.8 Necromancy
 + Level 1.8 Translocations
 + Level 1.8 Transmutations
 + Level 1.8 Fire Magic
 + Level 1.8 Ice Magic
 + Level 1.8 Air Magic
 + Level 1.8 Earth Magic
 + Level 1.8 Poison Magic
 + Level 2.5 Invocations
 + Level 2.3 Evocations


You had 10 spell levels left.
You didn't know any spells.
Your spell library contained the following spells:

 Spells                   Type           Power      Damage    Failure   Level
 Gell's Gravitas          Tloc           4%         N/A       65%         3
 Lesser Beckoning         Tloc           4%         N/A       65%         3
 Teleport Other           Tloc           4%         N/A       65%         3


Dungeon Overview and Level Annotations

Branches:
Dungeon (6/15)
 Temple: D:4-7

Altars:
Nemelex Xobeh

Shops:
D:2 [


Innate Abilities, Weirdness & Mutations

You have very sharp teeth.
Your uncanny sense of smell can sniff out nearby items.
Your experience applies equally to all skills.


Message History

You bite the acid dragon, but do no damage.
The acid dragon is heavily wounded.
The acid dragon bites you. The acid dragon claws you.
The iguana closely misses you.
You are too injured to fight recklessly!
Reach: t) +0 halberd
Press: ? - help, Dir - move target, f - acid dragon
Aim: an acid dragon (heavily wounded, about 46% to evade your +0 halberd)
You hit the acid dragon.
The acid dragon is severely wounded.
The iguana closely misses you. The acid dragon bites you!
The acid dragon misses you. The acid dragon bites you!
* * * LOW HITPOINT WARNING * * *
The acid dragon closely misses you. The iguana barely misses you.
Okay, then.
Reach: t) +0 halberd
Press: ? - help, Dir - move target, f/p - acid dragon
Aim: an acid dragon (severely wounded, about 46% to evade your +0 halberd)
You puncture the acid dragon!
The acid dragon is almost dead.
The iguana bites you.
* * * LOW HITPOINT WARNING * * *
The acid dragon bites you.
* * * LOW HITPOINT WARNING * * *
The acid dragon closely misses you.
Okay, then.
Okay, then.
Unknown command.
Saving game... please wait.
Welcome back, croobank the Gnoll Delver.
Press ? for a list of commands and other information.
Okay, then.
Blink to where?
Press: ? - help, Dir - move target
As you read the scroll of blinking, it crumbles to dust.
Okay, then.
The iguana hisses angrily.
The acid dragon spits acid at you. The splash of acid hits you!!
You die...

## ########...##
#.#.# #.# #####
#.#.###.# #.#.....#
#.####### ## #### #.#
#.#####...# #.#
#....#...####.#######
###
#.#<......##........
..#
#.@....).##.#######
#.# #.#............#
#.#
#..#.##....l.#.....#
#.#
#.......#..D#......#
#.#
###.####.###.#.....#
#.## # ##.#.##.....#
#..# ##.# ###.###
##.# ### #'# #.# ...


You could see an acid dragon (catching breath) and an iguana.

Vanquished Creatures
  A sky beast (D:4)
  An ogre (D:4)
  A scorpion (D:4)
  A hound (D:3)
  2 orc priests (D:3)
  An iguana (D:4)
  8 gnolls
  An adder (D:2)
  A worm (D:2)
  A dart slug (D:1)
  4 orcs (D:3)
  4 endoplasms
  A giant cockroach (D:1)
  7 goblins
  9 hobgoblins
  2 quokkas
  4 ball pythons
  5 frilled lizards
  6 kobolds
  7 rats
67 creatures vanquished.

Notes
Turn   | Place    | Note
-------+----------+-------------------------------------------
     0 | D:5      | Reached skill level 9 in Stealth
     0 | D:5      | croobank the Gnoll Delver began the quest for the Orb.
     0 | D:5      | Reached XP level 1. HP: 23/23 MP: 1/1
     9 | D:6      | Noticed a centaur
    32 | D:5      | Noticed an iguana
   116 | D:4      | Noticed an iguana
   117 | D:4      | Noticed an iguana
   128 | D:4      | Noticed a scorpion
   312 | D:3      | Noticed an orc priest
   313 | D:3      | Upgraded the game from 0.29-a0-520-gc852659d43 to
                  | 0.29-a0-529-gfa20dd96a1
   317 | D:3      | Reached XP level 2. HP: 14/29 MP: 2/2
   320 | D:3      | Reached XP level 3. HP: 17/35 MP: 2/4
   331 | D:3      | Reached skill level 1 in Short Blades
   331 | D:3      | Reached skill level 1 in Long Blades
   331 | D:3      | Reached skill level 1 in Maces & Flails
   331 | D:3      | Reached skill level 1 in Polearms
   331 | D:3      | Reached skill level 1 in Staves
   331 | D:3      | Reached skill level 1 in Slings
   331 | D:3      | Reached skill level 1 in Bows
   331 | D:3      | Reached skill level 1 in Crossbows
   331 | D:3      | Reached skill level 1 in Throwing
   331 | D:3      | Reached skill level 1 in Armour
   331 | D:3      | Reached skill level 1 in Shields
   331 | D:3      | Reached skill level 1 in Unarmed Combat
   331 | D:3      | Reached skill level 1 in Spellcasting
   331 | D:3      | Reached skill level 1 in Invocations
   331 | D:3      | Reached skill level 1 in Evocations
   331 | D:3      | Reached XP level 4. HP: 16/41 MP: 3/5
   578 | D:3      | Found a sparkling altar of Nemelex Xobeh.
  1051 | D:1      | Reached skill level 1 in Conjurations
  1051 | D:1      | Reached skill level 1 in Hexes
  1051 | D:1      | Reached skill level 1 in Summonings
  1051 | D:1      | Reached skill level 1 in Necromancy
  1051 | D:1      | Reached skill level 1 in Translocations
  1051 | D:1      | Reached skill level 1 in Transmutations
  1051 | D:1      | Reached skill level 1 in Fire Magic
  1051 | D:1      | Reached skill level 1 in Ice Magic
  1051 | D:1      | Reached skill level 1 in Air Magic
  1051 | D:1      | Reached skill level 1 in Earth Magic
  1051 | D:1      | Reached skill level 1 in Poison Magic
  1536 | D:2      | Found Zouc Raav's Armour Emporium.
  1724 | D:3      | Reached XP level 5. HP: 16/47 MP: 6/6
  2016 | D:2      | Found a faded altar of an unknown god.
  3450 | D:3      | Reached XP level 6. HP: 46/53 MP: 8/8
  3880 | D:4      | Noticed a sky beast
  3975 | D:4      | Noticed an acid dragon
  4068 | D:4      | Reached skill level 5 in Axes
  4068 | D:4      | Reached skill level 5 in Dodging
  4790 | D:4      | Killed a sky beast
  4791 | D:4      | Reached XP level 7. HP: 8/60 MP: 10/10
  5109 | D:4      | Killed from afar by an acid dragon

Illustrated notes

Levels and vault maps discovered:
D:1:      minmay_arrival_split_and_join, layout_rooms, minmay_tromino_v7
D:2:      layout_loops_cross, shapermc_ecumenical_altar_starsandcircs,
          serial_shops, nicolae_lakefront_shop, glass_columns_a
D:3:      layout_loops_ring, nemelex_spade_bored_becter
D:4:      layout_loops_corners
D:5:      layout_basic, chequers_temple_overflow_statue_of_worship,
          patterned_corridor
D:6:      layout_loops_cross, kennysheep_mini_moat, uniq_duvessa,
          uniq_prince_ribbit1

Skill      XL: |  1  2  3  4  5  6 |
---------------+-------------------+-----
Stealth        | |  9.9
Short Blades   | 1 2 |  2.3
Long Blades    | 1 2 |  2.3
Maces & Flails | 1 2 |  2.3
Polearms       | 1 2 |  2.3
Staves         | 1 2 |  2.3
Slings         | 1 2 |  2.3
Bows           | 1 2 |  2.3
Crossbows      | 1 2 |  2.3
Throwing       | 1 2 |  2.3
Armour         | 1 2 |  2.3
Shields        | 1 2 |  2.3
Unarmed Combat | 1 2 |  2.3
Spellcasting   | 1 2 |  2.3
Invocations    | 1 2 |  2.5
Evocations     | 1 2 |  2.3
Conjurations   | 1 |  1.8
Hexes          | 1 |  1.8
Summonings     | 1 |  1.8
Necromancy     | 1 |  1.8
Translocations | 1 |  1.8
Transmutations | 1 |  1.8
Fire Magic     | 1 |  1.8
Ice Magic      | 1 |  1.8
Air Magic      | 1 |  1.8
Earth Magic    | 1 |  1.8
Poison Magic   | 1 |  1.8
Axes           | 5 |  5.1
Dodging        | 5 |  5.1
Fighting       | 7 |  7.0

Action                   |  1- 3 |  4- 6 |  7- 9 || total
-------------------------+-------+-------+-------++-------
Melee: Hand axe          |    30 |   146 |       ||   176
       Bite              |     4 |    16 |     1 ||    21
       Punch             |     1 |     2 |       ||     3
       Halberd           |       |    80 |     8 ||    88
Evoke: Wand              |     2 |     6 |       ||     8
  Use: Scroll            |     3 |     8 |     1 ||    12
       Potion            |     2 |     2 |       ||     4
 Stab: Sleeping          |     1 |    16 |       ||    17
       Distracted        |       |     2 |       ||     2
       Paralysed         |       |     9 |       ||     9
Armor: Leather armour    |     1 |     8 |       ||     9
       Ring mail         |       |    39 |     2 ||    41
Dodge: Dodged            |    18 |   106 |    11 ||   135

Table legend: (Time is in decaauts)
 A = Elapsed time spent in this place.
 B = Non-inter-level travel time spent in this place.
 C = Inter-level travel time spent in this place.
 D = Time resting spent in this place.
 E = Time spent auto-exploring this place.
 F = Levels seen in this place.
 G = Mean time per level.
                   A        B        C        D        E       F      G
               +--------+--------+--------+--------+--------+-----+--------+
         Total |   5126 |   4986 |    140 |   1847 |   2147 |   6 |  854.3 |
       Dungeon |   5126 |   4986 |    140 |   1847 |   2147 |   6 |  854.3 |
               +--------+--------+--------+--------+--------+-----+--------+

Top non-repeatable levels by time:
     D:3: 1588 daAuts
     D:2: 1524 daAuts
     D:4: 1286 daAuts
     D:1: 659 daAuts
     D:5: 52 daAuts
     D:6: 13 daAuts
